 Dungeon Crawl Stone Soup version 0.30-a0-310-g7d6cbdfea6 (webtiles) character file.

Game seed: 15954180824150535346

17 retardedninja the Covered (level 2, 0/27 HPs)
             Began as a Minotaur Fighter on Oct 24, 2022.
             Succumbed to a goblin's poison
             ... on level 1 of the Dungeon.
             The game lasted 00:00:34 (274 turns).

retardedninja the Covered (Minotaur Fighter)         Turns: 274, Time: 00:00:35

Health: 0/27       AC:  7    Str: 20    XL:     2   Next: 44%
Magic:  1/1        EV:  6    Int:  5    God:
Gold:   25         SH:  4    Dex:  9    Spells: 1/1 levels left

rFire   . . .      SeeInvis .    a - +0 war axe
rCold   . . .      Faith    .    c - +0 buckler
rNeg    . . .      Spirit   .    b - +0 scale mail
rPois   .          Reflect  .    (helmet restricted)
rElec   .          Harm     .    (no cloak)
rCorr   .          Rampage  .    (no gloves)
Will    .....                    (no boots)
Stlth   ..........               (no amulet)
HPRegen 0.24/turn                (no ring)
MPRegen 0.07/turn                (no ring)

@: lethally poisoned (0 -> -13), constricted
A: horns 2, retaliatory headbutt
a: no special abilities


You were on level 1 of the Dungeon.
You visited 1 branch of the dungeon, and saw 2 of its levels.

You collected 25 gold pieces.

Inventory:

Hand Weapons
 a - a +0 war axe (weapon)
Armour
 b - a +0 scale mail (worn)
 c - a +0 buckler (worn)
Scrolls
 e - a scroll of fear {unknown}
Potions
 d - a potion of might
 f - a potion of heal wounds {unknown}
 g - 2 potions of degeneration {unknown}


   Skills:
 + Level 4.0 Fighting
 + Level 2.5 Axes
 + Level 4.0 Armour
 + Level 3.9 Shields


You had one spell level left.
You didn't know any spells.
Your spell library was empty.

Dungeon Overview and Level Annotations

Branches:
Dungeon (2/15)

Altars:


Innate Abilities, Weirdness & Mutations

You have a pair of horns on your head.
You reflexively headbutt those who attack you in melee.


Message History

You are more poisoned.
You block the frilled lizard's attack. The jackal closely misses you.
The ball python barely misses you. The ball python grabs you.
The ball python constricts you. You block the jackal's attack.
Your Fighting skill increases to level 4!
You barely miss the ball python. You closely miss the goblin.
You miss the frilled lizard. You barely miss the jackal.
You slash the frilled lizard!
You kill the frilled lizard!
You barely miss the jackal.
You feel very sick. The jackal barely misses you. You furiously retaliate!
You headbutt the jackal.
You kill the jackal!
You block the jackal's attack.
The frilled lizard bites you but does no damage.
The goblin hits you with a +1 dagger of venom.
The ball python bites you but does no damage.
The ball python constricts you. You block the jackal's attack.
The frilled lizard bites you. The goblin hits you but does no damage.
You are lethally poisoned!
The ball python closely misses you. The ball python constricts you.
You barely miss the frilled lizard. You headbutt the frilled lizard.
The frilled lizard is heavily wounded.
You closely miss the ball python. You hit the jackal.
You kill the jackal!
You hit the goblin.
* * * LOW HITPOINT WARNING * * *
You feel very sick. The ball python bites you.
* * * LOW HITPOINT WARNING * * *
The ball python constricts you.
The goblin hits you with a +1 dagger of venom.
* * * LOW HITPOINT WARNING * * *
You block the frilled lizard's attack.
Unknown command.
You miss the frilled lizard. You headbutt the frilled lizard.
You kill the frilled lizard!
You closely miss the ball python. You slash the goblin!
You kill the goblin!
You die...

.. #. .. #.
####### #.
#......
#.#######
#[#####
#S......# #.#
#.@####.# #.#
#)†.# #.# #.#
...[..##.#
#.#
#.......#.#
#.#
.........#.#
#.#
#.........#.#
#.#
#..#....[##.#
#.#
#..##...###.#
#.# #.#####.#


You could see a ball python.

Vanquished Creatures
  A dart slug (D:1)
  An endoplasm (D:1)
  A goblin (D:1)
  A hobgoblin (D:1)
  4 jackals (D:1)
  2 kobolds (D:1)
  A quokka (D:1)
  A ball python (D:2)
  A bat (D:1)
  3 frilled lizards
16 creatures vanquished.

Notes
Turn   | Place    | Note
-------+----------+-------------------------------------------
     0 | D:1      | retardedninja the Minotaur Fighter began the quest for the
                  | Orb.
     0 | D:1      | Reached XP level 1. HP: 19/19 MP: 0/0
    97 | D:1      | You fall into a shaft and drop 1 floor!
   173 | D:2      | Reached XP level 2. HP: 27/27 MP: 1/1
   274 | D:1      | Succumbed to a goblin's poison

Illustrated notes

Levels and vault maps discovered:
D:1:      dpeg_arrival_rooms_a, layout_loops_ring, basic_ecumenical_altar,
          minmay_cut_off
D:2:      layout_basic, uniq_jessica

Skill      XL: |  1  2 |
---------------+-------+-----
Armour         | 4 |  4.0
Fighting       | 4 |  4.0
Axes           | |  2.5
Shields        | |  3.9

Action                   || total
-------------------------++-------
Melee: War axe           ||    22
       Headbutt          ||     4
Armor: Scale mail        ||    16
Dodge: Dodged            ||    20
Block: Buckler           ||    11

Table legend: (Time is in decaauts)
 A = Elapsed time spent in this place.
 B = Non-inter-level travel time spent in this place.
 C = Inter-level travel time spent in this place.
 D = Time resting spent in this place.
 E = Time spent auto-exploring this place.
 F = Levels seen in this place.
 G = Mean time per level.
                   A        B        C        D        E       F      G
               +--------+--------+--------+--------+--------+-----+--------+
         Total |    281 |    281 |      0 |      0 |    209 |   2 |  140.5 |
       Dungeon |    281 |    281 |      0 |      0 |    209 |   2 |  140.5 |
               +--------+--------+--------+--------+--------+-----+--------+

Top non-repeatable levels by time:
     D:1: 195 daAuts
     D:2: 86 daAuts
